AoeStats
← sophia

Arena

510870902Analyzed
3v3 RM · 13h ago on Oct 2, 2026· 31m 59s· 6 players
Game mode
Random Map
Map size
Normal (6 player)
Population
200
Speed
Normal
Resources
Standard
Victory
Conquest
Starting age
Dark Age
Ending age
Imperial Age
RankedLock teamsTeams togetherTeam positionsShared explorationLock speedFull tech treeHidden civsTurbo modeCheats
Victory
Defeat
🇨🇱 Lithuanians · Chile
826
+7
🇨🇱 Maya · Chile
765
+19
🇨🇱 Franks · Chile
738
+10
🇪🇸 Turks · Spain
672
-11
🇩🇪 Franks · Germany
569
-8
🇲🇽 Spanish · Mexico
554
-7
Destroier
3:04 Loom
13:03 Feudal Age
14:26 Double-Bit Axe
15:22 Gold Mining
15:35 Stone Mining
16:35 Wheelbarrow
18:08 Horse Collar
25:13 Castle Age
26:04 Bow Saw
26:41 Squires
JuanRamos117
9:28 Feudal Age
18:19 Castle Age
16:45 Double-Bit Axe
18:11 Wheelbarrow
18:25 Stone Mining
18:26 Horse Collar
19:27 Heavy Plow
20:05 Light Cavalry
31:54 Imperial Age
sophia
10:12 Loom
11:58 Feudal Age
13:37 Double-Bit Axe
13:47 Gold Mining
16:27 Castle Age
14:41 Stone Mining
16:20 Scale Barding Armor
16:26 Forging
18:44 Chain Barding Armor
21:46 Sanctity
23:38 Town Watch
Don Genuino
8:42 Loom
11:38 Feudal Age
16:44 Castle Age
15:34 Double-Bit Axe
18:38 Bow Saw
35:08 Imperial Age
quiasa
8:39 Loom
11:28 Feudal Age
13:02 Double-Bit Axe
20:38 Castle Age
20:52 Forging
20:43 Scale Mail Armor
21:46 Bow Saw
23:24 Wheelbarrow
23:44 Squires
24:49 Gold Mining
25:48 Town Watch
26:11 Crossbowman
31:46 Ballistics
31:37 Eagle Warrior
RealCrossbow
12:15 Feudal Age
14:40 Loom
16:57 Castle Age
15:28 Double-Bit Axe
16:36 Stone Mining
19:42 Loom
20:34 Wheelbarrow
26:19 Bow Saw
28:12 Elite Skirmisher
29:18 Bloodlines
29:03 Fletching
30:40 Ballistics
Connection lost

Rejoining the realm…

Still unreachable

The connection could not be restored.

Session expired

The server has moved on; the page needs a fresh start.